 Dungeon Crawl Stone Soup version 0.31-a0-145-g046c7d2549 (webtiles) character file.

Game seed: 7030581626468799226

3548 mopl the Protected (level 9, -3/80 HPs)
             Began as an Armataur Fighter on June 5, 2023.
             Was an Initiate of Gozag.
             Killed by divine providence
             ... invoked by an orc priest
              (15 damage)
             ... on level 9 of the Dungeon.
             The game lasted 00:11:38 (8435 turns).

mopl the Protected (Armataur Fighter)               Turns: 8435, Time: 00:11:38

Health: -3/80      AC: 14    Str: 23    XL:     9   Next: 83%
Magic:  9/9        EV: 10    Int: 11    God:    Gozag
Gold:   569        SH:  0    Dex: 13    Spells: 8/8 levels left

rFire   . . .        a - +0 dire flail (holy)
rCold   + . .        (shield currently unavailable)
rNeg    . . .        E - +2 acid dragon scales
rPois   .            C - +1 helmet {Int+3}
rElec   .            (no cloak)
rCorr   +            H - +1 pair of gloves {hurl}
SInv    .            (no barding)
Will    +....        (no amulet)
Stlth   +            l - ring of willpower
HPRegen 0.33/turn    v - ring of protection from cold
MPRegen 0.11/turn

%: roll
@: gold aura
A: large, rugged brown scales 3, deformed body, armoured tail, roll, long
tongue, awkward tongue
a: Renounce Religion, Potion Petition, Call Merchant, Bribe Branch


You were on level 9 of the Dungeon.
You worshipped Gozag.
Gozag was pleased with you.
You visited 1 branch of the dungeon, and saw 9 of its levels.
You also visited: Sewer.

You collected 1481 gold pieces.
You spent 330 gold pieces at shops.
You paid 582 gold pieces to Gozag.

Inventory:

Hand Weapons
 a - a +0 dire flail of holy wrath (weapon)
Missiles
 c - a curare-tipped dart
 j - 28 poisoned darts (quivered)
 x - 2 javelins
 G - 6 boomerangs
Armour
 C - a +1 helmet of intelligence (worn)
 E - +2 acid dragon scales (worn)
 H - a +1 pair of gloves of hurling (worn)
Jewellery
 l - a ring of willpower (left hand)
 v - a ring of protection from cold (right hand)
 I - a ring of resist corrosion
Wands
 u - a wand of paralysis (4)
 D - a wand of mindburst (11)
Scrolls
 b - 2 scrolls of poison {unknown}
 g - 4 scrolls of immolation {unknown}
 n - a scroll of summoning {unknown}
 o - 2 scrolls of fear {unknown}
 q - a scroll of enchant weapon {unknown}
 r - 3 scrolls of magic mapping {unknown}
 s - 2 scrolls of enchant armour {unknown}
 t - a scroll of amnesia {unknown}
 y - a scroll of teleportation {unknown}
 z - 2 scrolls of noise {unknown}
 A - a scroll of fog {unknown}
 B - a scroll of vulnerability {unknown}
Potions
 d - 3 potions of might
 e - 3 potions of brilliance
 f - 3 potions of mutation {!q}
 h - a potion of haste
 i - a potion of enlightenment
 k - 2 potions of degeneration {unknown}
 m - 2 potions of curing
 p - a potion of lignification {!q}
 w - 2 potions of heal wounds
 F - 2 potions of magic {unknown}


   Skills:
 + Level 6.1 Fighting
 * Level 8.0 Maces & Flails
 + Level 2.7 Throwing
 + Level 8.0 Armour
 + Level 4.3 Dodging
 - Level 3.2 Shields
 + Level 2.9 Evocations


You had 8 spell levels left.
You didn't know any spells.
Your spell library contained the following spells:

 Spells                   Type           Power      Damage    Failure   Level
 Apportation              Tloc           0%         N/A       38%         1
 Beastly Appendage        Tmut           0%         N/A       38%         1
 Wereblood                Tmut           0%         N/A       54%         2
 Inner Flame              Hex/Fire       0%         N/A       77%         3
 Spider Form              Tmut/Pois      0%         N/A       77%         3
 Passage of Golubria      Tloc           0%         N/A       99%         4
 Alistair's Intoxication  Tmut/Pois      0%         N/A       100%        5
 Borgnjor's Vile Clutch   Necr/Erth      0%         N/A       100%        5
 Silence                  Hex/Air        0%         N/A       100%        5
 Yara's Violent Unravell  Hex/Tmut       0%         3d3       100%        5
 Eringya's Noxious Bog    Tmut/Pois      0%         N/A       100%        6
 Enfeeble                 Hex            0%         N/A       100%        7
 Lehudib's Crystal Spear  Conj/Erth      0%         10d2      100%        8


Dungeon Overview and Level Annotations

Branches:
Dungeon (9/15)             Temple (0/1) D:6             Orc (0/2) D:9
  Sewer (visited)
   Lair: D:8-11

Altars:
Ashenzari
Cheibriados
Elyvilon
Gozag
Nemelex Xobeh
Uskayaw
Yredelemnul

Shops:
D:5 [   D:7 *


Innate Abilities, Weirdness & Mutations

You are completely covered in rugged brown scales. (AC +3, +7% HP)
Armour fits poorly on your strangely shaped body.
You have a long armoured tail.
You roll when moving toward enemies. (Rampage)
Your long tongue fully drains potion bottles. (2x potion effects)
Your tongue gives you trouble enunciating. (1.5x scroll delay)


Message History

Your tail-slap misses the water moccasin.
The water moccasin is heavily wounded.
The water moccasin barely misses you.
The orc priest is distracted by your dazzling golden aura.
The steam dragon is distracted by your dazzling golden aura.
The orc barely misses you. The water moccasin barely misses you.
You completely miss the water moccasin.
The water moccasin is heavily wounded.
The steam dragon hisses angrily.
The water moccasin misses you. The orc hits you but does no damage.
The orc priest shouts!
You hear a roar!
Unknown command.
You hit the water moccasin. You tail-slap the water moccasin!
The water moccasin is almost dead.
You hear an angry hiss.
You hear a shout!
The steam dragon is no longer distracted by gold.
A wyvern comes into view.
The water moccasin bites you but does no damage.
The orc hits you with a +0 flail!
The orc priest calls down the wrath of Beogh upon you.
Beogh smites you!
* * * LOW HITPOINT WARNING * * *
You hit the orc.
The orc is moderately wounded.
The water moccasin barely misses you. The orc misses you.
The water moccasin barely misses you.
You thump the orc!
You kill the orc!
The orc priest is no longer distracted by gold.
The wyvern hisses menacingly.
The water moccasin barely misses you.
The orc priest looks braver for a moment.
The steam dragon is distracted by your dazzling golden aura.
The steam dragon hisses angrily.
The water moccasin attacks as you move away!
The water moccasin bites you but does no damage.
The orc priest calls down the wrath of Beogh upon you.
Beogh smites you!
You die...
Your body crumbles into a pile of gold.

...................
####................
....................
#....<...o...ยง...
########..o....oT.....#
#....o........#oD......
#........o.####$###....
.#.........#####S# ...
...............@.# .
.....#..######### ###.
#.## ...............
.####....y.###.
#........# ...........#
##.......!y...
#..........##


You could see a troll, a steam dragon, a water moccasin and 3 orc priests.

Vanquished Creatures
  Maggie (D:6)
  Prince Ribbit (D:8)
  A wyvern (D:9)
  Edmund (D:6)
  3 water moccasins
  An ice beast (D:5)
  Pargi (Sewer)
  3 orc warriors
  2 sky beasts (D:8)
  A centaur (D:8)
  An ogre (D:5)
  3 phantoms
  A bullfrog (D:8)
  3 kobold brigands (D:8)
  5 scorpions
  4 wights (D:7)
  3 killer bees (D:9)
  A howler monkey (D:4)
  A hound (D:7)
  4 jellies
  An iguana (D:5)
  An orc wizard (D:6)
  6 gnolls
  7 adders
  2 shadow imps (D:5)
  6 white imps
  3 ufetubi
  A worm (D:5)
  24 orcs
  11 ball pythons
  5 bats
  5 endoplasms
  3 giant cockroaches
  4 hobgoblins
  5 jackals
  2 quokkas
  4 frilled lizards
  10 goblins
  25 kobolds
  3 rats
169 creatures vanquished.

Vanquished Creatures (others)
  A quokka (D:6)
1 creature vanquished.

Grand Total: 170 creatures vanquished

Notes
Turn   | Place    | Note
-------+----------+-------------------------------------------
     0 | D:1      | mopl the Armataur Fighter began the quest for the Orb.
     0 | D:1      | Reached XP level 1. HP: 19/19 MP: 1/1
    78 | D:1      | Reached skill level 2 in Maces & Flails
   111 | D:1      | Found a faded altar of an unknown god.
   207 | D:1      | Prayed at the altar of an unknown god.
   207 | D:1      | Became a worshipper of Gozag Ym Sagoz the Greedy
   264 | D:1      | Reached XP level 2. HP: 8/26 MP: 2/2
   677 | D:2      | Found a hide-covered altar of Uskayaw.
   692 | D:2      | Reached skill level 4 in Armour
   692 | D:2      | Reached XP level 3. HP: 32/32 MP: 3/3
   722 | D:2      | Reached skill level 3 in Fighting
  1504 | D:3      | Reached skill level 3 in Maces & Flails
  1504 | D:3      | Reached skill level 1 in Dodging
  1504 | D:3      | Reached XP level 4. HP: 27/40 MP: 4/4
  2003 | D:4      | Noticed a phantom
  2095 | D:3      | Killed a phantom
  2096 | D:3      | Reached XP level 5. HP: 18/48 MP: 5/5
  2438 | D:4      | Reached XP level 6. HP: 46/54 MP: 6/6
  2847 | D:4      | Reached skill level 4 in Maces & Flails
  3068 | D:5      | Entered Level 5 of the Dungeon
  3074 | D:4      | Reached skill level 5 in Armour
  3208 | D:5      | Noticed an ice beast
  3219 | D:5      | Killed an ice beast
  3220 | D:5      | Reached skill level 2 in Dodging
  3249 | D:5      | Reached skill level 4 in Fighting
  3305 | D:5      | Reached XP level 7. HP: 56/63 MP: 7/7
  3361 | D:5      | Found a glowing drain.
  3396 | Sewer    | Entered a sewer
  3458 | Sewer    | Noticed Pargi
  3466 | Sewer    | Killed Pargi
  3598 | D:5      | Found a broken altar of Ashenzari.
  3836 | D:5      | Reached skill level 5 in Maces & Flails
  4239 | D:5      | Bought a glowing helmet for 165 gold pieces
  4379 | D:6      | Found a staircase to the Ecumenical Temple.
  4406 | D:6      | Noticed Maggie
  4432 | D:6      | Killed Maggie
  4433 | D:6      | Reached skill level 6 in Armour
  4433 | D:6      | Reached skill level 3 in Dodging
  4433 | D:6      | Reached XP level 8. HP: 58/71 MP: 8/8
  4525 | D:6      | Found a white marble altar of Elyvilon.
  4525 | D:6      | Noticed Edmund
  4549 | D:6      | Killed Edmund
  4550 | D:6      | Reached skill level 6 in Maces & Flails
  4604 | D:6      | Found an opulent altar of Gozag.
  4702 | D:6      | Reached skill level 5 in Fighting
  4988 | D:6      | Found a basalt altar of Yredelemnul.
  5194 | D:6      | Found a sparkling altar of Nemelex Xobeh.
  5252 | D:6      | Reached skill level 7 in Armour
  5524 | D:5      | Bought a pair of runed gloves for 165 gold pieces
  5826 | D:7      | Found a snail-covered altar of Cheibriados.
  5862 | D:7      | Reached XP level 9. HP: 72/79 MP: 9/9
  6078 | D:7      | Reached skill level 7 in Maces & Flails
  6078 | D:7      | Reached skill level 1 in Throwing
  6078 | D:7      | Reached skill level 1 in Evocations
  6515 | D:7      | Found Lahock's General Store.
  6882 | D:8      | Noticed Prince Ribbit
  6897 | D:8      | Killed Prince Ribbit
  7382 | D:8      | Reached skill level 4 in Dodging
  7403 | D:8      | Reached skill level 2 in Evocations
  7410 | D:8      | HP: 1/80 [water moccasin (6)]
  7422 | D:8      | Reached skill level 2 in Throwing
  7826 | D:8      | HP: 4/80 [poisoned by a kobold brigand]
  8275 | D:9      | Found a staircase to the Orcish Mines.
  8283 | D:9      | Noticed a two-headed ogre
  8344 | D:9      | Reached skill level 6 in Fighting
  8383 | D:9      | Reached skill level 8 in Armour
  8424 | D:9      | Noticed a troll
  8429 | D:9      | Reached skill level 8 in Maces & Flails
  8435 | D:9      | Killed from afar by an orc priest

Illustrated notes

Levels and vault maps discovered:
D:1:      mrwooster_arrival_statue_3, layout_basic,
          shapermc_ecumenical_altar_mp_urbaneastern
D:2:      layout_rooms, basic_altar, kennysheep_generic_room_6
D:3:      layout_loops_corners
D:4:      layout_gridville, grunt_decor_fettered
D:5:      layout_loops_ring, mainiacjoe_overflow_alcove_4,
          cheibrodos_sewer_entry_sluice
D:6:      layout_cave_pods, general_overflow_altar, grunt_gozag_breadcrumbs,
          mainiacjoe_overflow_surrounded_room, elyvilon_altar_4,
          minmay_temple_entry_antechambers, uniq_edmund, uniq_maggie
D:7:      layout_layer_cave, nicolae_overflow_crystal_walls, serial_shops, shop
D:8:      layout_gridville, uniq_prince_ribbit1
D:9:      layout_rooms, uniq_maurice

Skill      XL: |  1  2  3  4  5  6  7  8  9 |
---------------+----------------------------+-----
Maces & Flails | 2 3 4 5 6 8 |  8.0
Armour         | 4 5 6 7 8 |  8.0
Fighting       | 3 4 5 6 |  6.1
Dodging        | 1 2 3 4 |  4.3
Throwing       | 2 |  2.7
Evocations     | 2 |  2.9
Shields        | |  3.2

Action                     |  1- 3 |  4- 6 |  7- 9 || total
---------------------------+-------+-------+-------++-------
  Melee: Flail             |   156 |   124 |   278 ||   558
         Tailslap          |    11 |    20 |    58 ||    89
         Dire flail        |       |       |   152 ||   152
  Throw: Dart              |       |       |     6 ||     6
 Invoke: Call Merchant     |       |       |     1 ||     1
  Evoke: Wand              |       |       |     9 ||     9
    Use: Scroll            |       |       |     5 ||     5
         Potion            |       |       |     2 ||     2
   Stab: Paralysed         |       |       |    14 ||    14
         Distracted        |       |       |     1 ||     1
 Armour: Scale mail        |    90 |       |       ||    90
         Chain mail        |    17 |       |       ||    17
         Ring mail         |     7 |    61 |    57 ||   125
         Acid dragon scale |       |       |   170 ||   170
  Dodge: Dodged            |    73 |    42 |   203 ||   318
  Block: Buckler           |    39 |    28 |    50 ||   117

Table legend: (Time is in decaauts)
 A = Elapsed time spent in this place.
 B = Non-inter-level travel time spent in this place.
 C = Inter-level travel time spent in this place.
 D = Time resting spent in this place.
 E = Time spent auto-exploring this place.
 F = Levels seen in this place.
 G = Mean time per level.
                   A        B        C        D        E       F      G
               +--------+--------+--------+--------+--------+-----+--------+
         Total |   8551 |   7950 |    601 |   1072 |   5145 |  10 |  855.1 |
       Dungeon |   8384 |   7783 |    601 |   1072 |   5036 |   9 |  931.6 |
         Sewer |    167 |    167 |      0 |      0 |    109 |   1 |  167.0 |
               +--------+--------+--------+--------+--------+-----+--------+

Top non-repeatable levels by time:
     D:8: 1426 daAuts
     D:6: 1285 daAuts
     D:7: 1183 daAuts
     D:5: 1135 daAuts
     D:4: 1005 daAuts
     D:3: 999 daAuts
     D:1: 656 daAuts
     D:2: 571 daAuts
   Sewer: 167 daAuts
     D:9: 119 daAuts
